 Dungeon Crawl Stone Soup version 0.17-a0-1510-gb3fb22e (webtiles) character file.

18 Jb9000 the Skirmisher (level 2, -3/19 HPs)
             Began as a Gargoyle Fighter on July 11, 2015.
             Slain by Sigmund
             ... wielding a +0 scythe
              (6 damage)
             ... on level 2 of the Dungeon.
             The game lasted 00:02:20 (773 turns).

Jb9000 the Skirmisher (Gargoyle Fighter)             Turns: 773, Time: 00:02:20

Health: -3/19      AC: 10    Str: 24    XL:     2   Next: 66%
Magic:  2/2        EV:  7    Int:  8    God:
Gold:   58         SH:  9    Dex:  9    Spells: 0 memorised, 1 level left

rFire  . . .     SeeInvis .     a - +0 war axe
rCold  . . .     Clarity  .     b - +0 scale mail
rNeg   + . .     SustAt   .     c - +0 shield
rPois  ∞         Gourm    .     (no helmet)
rElec  +         Spirit   .     (no cloak)
rCorr  .         Warding  .     (no gloves)
rMut   .         Stasis   .     k - +0 pair of boots
MR     .....                    (no amulet)
Stlth  ..........               (no ring)
                                (no ring)

@: mighty, not resistant to hostile enchantments, extremely unstealthy
A: negative energy resistance 1, electricity resistance, unbreathing,
petrification resistance, rot immunity, AC +2
a: no special abilities


You were on level 2 of the Dungeon.
You were not hungry.

You visited 1 branch of the dungeon, and saw 2 of its levels.

You collected 58 gold pieces.

Inventory:

Hand weapons
 a - a +0 war axe (weapon)
Missiles
 f - 70 arrows
 n - 19 bolts
Armour
 b - a +0 scale mail (worn)
 c - a +0 shield (worn)
 k - a +0 pair of boots (worn)
Magical devices
 p - a wand of random effects (13)
Scrolls
 g - 3 scrolls of teleportation {unknown}
 i - a scroll of identify {unknown}
 j - a scroll of magic mapping {unknown}
 o - a scroll of enchant armour {unknown}
Potions
 d - a potion of might
Comestibles
 e - a bread ration
 l - a meat ration
 m - 7 chunks of flesh


   Skills:
 + Level 3.4 Fighting
 + Level 1.9 Axes
 + Level 3.4 Armour
 * Level 1.2 Stealth
 + Level 3.4 Shields
 + Level 0.3 Spellcasting


You had one spell level left.
You didn't know any spells.

Dungeon Overview and Level Annotations

Branches:
Dungeon (2/15)

Altars:

Annotations:
D:2 Sigmund


Innate Abilities, Weirdness & Mutations

You are resistant to torment.
Your stone body is resilient (AC +2).
You are immune to poison.
You resist negative energy.
You are resistant to electric shocks.
You can survive without breathing.
You are immune to petrification.
You are immune to rotting.


Message History

You kill the goblin!
Something hits you.
* * * LOW HITPOINT WARNING * * *
Drink which item? (? for menu, Esc to quit)
You feel very mighty all of a sudden.
You hear some strange, mumbled words.
You are confused.
Drink which item? (? for menu, Esc to quit)
It was a potion of magic.
Magic courses through your body. Something hits you but does no damage.
You bump into the rock wall.
Something hits you.
* * * LOW HITPOINT WARNING * * *
Something hits you but does no damage.
You bump into the rock wall.
Something hits you but does no damage.
You see here a goblin corpse.
Your shield prevents you from hitting something.
You feel less confused. Something hits you but does no damage.
You slice something!! Something hits you.
You die...

....# ##..####
.......+ .#..####
.#....# .##.#.# #### #
....#.# #.. ..#
.####.######
#.#####?...# .#
#......# #..@{lJ....#
.####......#
#..######..#
...........# #.......#
...........####.####.#
..##+#.....#.........#
.............##.######
............##.#
#...........##.#
#####.....#....#


You could see an ooze and a giant newt.

Vanquished Creatures
  A giant gecko (D:1)
  6 goblins
  3 hobgoblins
  2 bats (D:1)
  A giant cockroach (D:1)
  3 kobolds (D:1)
16 creatures vanquished.

Notes
Turn   | Place    | Note
--------------------------------------------------------------
     0 | D:1      | Jb9000 the Gargoyle Fighter began the quest for the Orb.
     0 | D:1      | Reached XP level 1. HP: 14/14 MP: 1/1
   417 | D:1      | Reached XP level 2. HP: 16/19 MP: 2/2
   607 | D:1      | Reached skill level 1 in Stealth
   757 | D:2      | Noticed Sigmund
   773 | D:2      | Slain by Sigmund

Vault maps used:
D:1:      dpeg_arrival_circle_labyrinth_a, nrook_mini_vaults, minivault_4
D:2:      serial_corexii_hall, corexii_hall_statues_deadend,
          corexii_hall_statues_x, first_bread, ecumenical_altar_1,
          minmay_crystal_water, uniq_sigmund

Action                   || total
-------------------------++-------
Melee: War axe           ||    38
  Use: Potion            ||     2
